 Dungeon Crawl Stone Soup version 0.27.1-34-g3ba077fa99 (webtiles) character file.

Game seed: 10031122993474456812

970 zeram the Conjurer (level 8, -2/46 HPs)
             Began as an Octopode Conjurer on Jan 20, 2022.
             Slain by an elf skeleton (7 damage)
             ... on level 5 of the Dungeon.
             The game lasted 00:11:47 (4982 turns).

zeram the Conjurer (Octopode Conjurer)              Turns: 4982, Time: 00:11:48

Health: -2/46      AC:  1    Str:  6    XL:     8   Next: 16%
Magic:  20/25      EV: 14    Int: 23    God:
Gold:   138        SH:  0    Dex: 10    Spells: 11/17 levels left

rFire    . . .     SeeInvis .   a - +1 club
rCold    . . .     Faith    .   (no shield)
rNeg     . . .     Spirit   .   (helmet restricted)
rPois    .         Reflect  .   (no amulet)
rElec    .         Harm     .   c - ring of magical power
rCorr    .         Rampage  .   (no ring)
Will     .....                  (no ring)
Stlth    +++.......             (no ring)
HPRegen  0.15/turn              (no ring)
MPRegen  0.19/turn              (no ring)
                                (no ring)
                                (no ring)

@: no status effects
A: almost no armour, amphibious, 8 rings, camouflage 1, gelatinous body 1,
(nimble swimmer 1), tentacles
a: no special abilities


You were on level 5 of the Dungeon.
You visited 1 branch of the dungeon, and saw 5 of its levels.

You collected 138 gold pieces.

Inventory:

Hand Weapons
 a - a +1 club (weapon)
Missiles
 f - 15 poisoned darts (quivered)
Jewellery
 c - a ring of magical power (left tentacle)
Wands
 k - a wand of flame (9)
Scrolls
 b - a scroll of teleportation
 l - a scroll of amnesia
Potions
 d - 2 potions of mutation
 e - a potion of lignification {unknown}
 g - 2 potions of curing {unknown}
 h - 2 potions of invisibility
 i - a potion of flight {unknown}
 j - a potion of degeneration {unknown}


   Skills:
 + Level 4.6 Dodging
 - Level 2.6 Stealth
 + Level 5.3 Spellcasting
 + Level 7.1 Conjurations


You had 11 spell levels left.
You knew the following spells:

 Your Spells              Type           Power      Damage    Failure   Level
a - Magic Dart            Conj           100%       1d8       1%          1
b - Searing Ray           Conj           78%        3d6       1%          2
c - Dazzling Flash        Conj/Hex       44%        N/A       6%          3

Your spell library contained the following spells:

 Spells                   Type           Power      Damage    Failure   Level
 Foxfire                  Conj/Fire      88%        2x1d8     1%          1
 Conjure Flame            Conj/Fire      22%        6-21      6%          3
 Fulminant Prism          Conj/Hex       11%        3d9       21%         4
 Iskenderun's Mystic Bla  Conj/Tloc      22%        2d6       21%         4
 Inner Flame              Hex/Fire       6%         N/A       26%         3
 Petrify                  Tmut/Erth      6%         N/A       65%         4
 Summon Ice Beast         Ice/Summ       6%         N/A       65%         4
 Metabolic Englaciation   Hex/Ice        3%         N/A       94%         5
 Summon Mana Viper        Hex/Summ       6%         N/A       94%         5
 Statue Form              Tmut/Erth      4%         N/A       100%        6
 Monstrous Menagerie      Summ           3%         N/A       100%        7


Dungeon Overview and Level Annotations

Branches:
Dungeon (5/15)
 Temple: D:4-7

Altars:


Innate Abilities, Weirdness & Mutations

You cannot wear most types of armour.
You are amphibious.
You can wear up to eight rings at the same time.
Your skin changes colour to match your surroundings (Stealth+).
Your rubbery body absorbs attacks. (AC +1, EV +1)
((You are camouflaged near water. (Stealth+)))
You have tentacles for arms and can constrict up to eight enemies at once.


Message History

The elf zombie is almost destroyed.
You constrict the elf zombie. The elf zombie hits you.
* * * LOW HITPOINT WARNING * * *
You hit the elf zombie.
The elf zombie is almost destroyed.
You constrict the elf zombie. The elf zombie completely misses you.
Casting: Searing Ray (safe; 1% risk of failure)
Confirm with . or Enter, or press ? or * to list all spells.
Aiming: Searing Ray (safe; 1% risk of failure)
Press: ? - help, Shift-Dir - straight line, f - elf zombie
Aim: an elf zombie (almost destroyed, constricted by you, 100% to hit)
The searing ray hits the elf zombie!
You destroy the elf zombie! (Press . to maintain the ray.)
You close the door.
You start resting.
You hear the hiss of an avalanche of sand.
You open the door.
There is an open door, spattered with blood here.
You open the door.
An elf skeleton comes into view.
Casting: Searing Ray (safe; 1% risk of failure)
Confirm with . or Enter, or press ? or * to list all spells.
Aiming: Searing Ray (safe; 1% risk of failure)
Press: ? - help, Shift-Dir - straight line, f - elf skeleton
Aim: an elf skeleton (dormant, 100% to hit)
The searing ray hits the elf skeleton!
The elf skeleton is moderately damaged. (Press . to maintain the ray.)
The searing ray hits the elf skeleton!
The elf skeleton is moderately damaged.
The searing ray hits the elf skeleton!
The elf skeleton is heavily damaged.
The elf skeleton hits you!
* * * LOW HITPOINT WARNING * * *
Unknown command.
The searing ray hits the elf skeleton!
The elf skeleton is severely damaged.
You finish channeling your searing ray.
The elf skeleton hits you!
You die...

W.......##########
#.#.#.#.# #.#.# #
#.# #.# #.# ###
#.# #.# #.# #@#+#
#.# #.Z...+ #.#
###...###.#
#Z'..('.#.#
###+#+#.#.# #.#.#
#'#.# #...# #####


You could see an elf skeleton.

Vanquished Creatures
  A necrophage (D:4)
  4 ogres (D:4)
  A phantom (D:5)
  An elf zombie (D:5)
  A hound (D:4)
  A jelly (D:4)
  An orc priest (D:4)
  A human zombie (D:5)
  A bullfrog skeleton (D:4)
  Jessica (D:2)
  Natasha (thrice) (D:2)
  An orc wizard (D:4)
  A hound skeleton (D:2)
  4 adders
  4 dart slugs
  6 orcs (D:4)
  4 endoplasms
  7 giant cockroaches
  8 goblins
  5 hobgoblins
  12 jackals
  4 kobolds
  5 quokkas
  11 ball pythons
  2 bats (D:2)
  2 frilled lizards
  10 rats
102 creatures vanquished.

Notes
Turn   | Place    | Note
-------+----------+-------------------------------------------
     0 | D:1      | zeram the Octopode Conjurer began the quest for the Orb.
     0 | D:1      | Reached XP level 1. HP: 11/11 MP: 3/3
   172 | D:1      | Reached XP level 2. HP: 17/17 MP: 1/5
   732 | D:1      | Reached XP level 3. HP: 18/21 MP: 6/6
  1287 | D:2      | Learned a level 2 spell: Searing Ray
  1291 | D:2      | Learned a level 3 spell: Dazzling Flash
  1453 | D:2      | Noticed Jessica
  1458 | D:2      | Reached skill level 5 in Conjurations
  1474 | D:2      | Killed Jessica
  1475 | D:2      | Reached XP level 4. HP: 2/27 MP: 5/7
  1921 | D:2      | Noticed Natasha
  1929 | D:2      | Killed Natasha
  1930 | D:2      | Reached XP level 5. HP: 17/31 MP: 9/9
  1952 | D:2      | Noticed Natasha
  1956 | D:2      | Killed Natasha
  2588 | D:2      | Noticed Natasha
  2590 | D:2      | Killed Natasha
  3256 | D:3      | Found a faded altar of an unknown god.
  3393 | D:3      | Reached XP level 6. HP: 36/36 MP: 10/10
  3640 | D:4      | Reached skill level 6 in Conjurations
  3664 | D:4      | Noticed a necrophage
  3677 | D:4      | Killed a necrophage
  3823 | D:4      | Reached XP level 7. HP: 38/41 MP: 11/13
  4645 | D:4      | Reached skill level 5 in Spellcasting
  4780 | D:5      | Entered Level 5 of the Dungeon
  4874 | D:5      | Reached skill level 7 in Conjurations
  4874 | D:5      | Reached XP level 8. HP: 37/46 MP: 15/15
  4982 | D:5      | Slain by an elf skeleton

Illustrated notes

Levels and vault maps discovered:
D:1:      ebering_trefoil_3fold, layout_basic
D:2:      minmay_door_path, layout_basic, minmay_increasing_density,
          uniq_natasha, uniq_jessica
D:3:      layout_rooms, shapermc_ecumenical_altar_flowoftime,
          chequers_serial_rivers_micro_b
D:4:      layout_loops_ring
D:5:      layout_basic, nicolae_ossuary_entry_catacombs, hex_large,
          nrook_mini_backslash, hellmonk_bongcloud_opening

Skill      XL: |  1  2  3  4  5  6  7 |
---------------+----------------------+-----
Conjurations   | 5 6 7 |  7.1
Spellcasting   | 3 4 5 |  5.3
Dodging        | 3 4 |  4.6
Stealth        | |  2.6

Action                   |  1- 3 |  4- 6 |  7- 9 || total
-------------------------+-------+-------+-------++-------
Melee: Club              |    27 |    33 |    54 ||   114
       Constrict         |     7 |    10 |     9 ||    26
       Tentacles         |     3 |     9 |     9 ||    21
 Cast: Magic Dart        |    49 |    19 |       ||    68
       Searing Ray       |     3 |    26 |    10 ||    39
  Use: Scroll            |     3 |     5 |     1 ||     9
 Stab: Sleeping          |     4 |     4 |     4 ||    12
       Distracted        |       |       |     1 ||     1
Armor: Skin              |     7 |     8 |     3 ||    18
Dodge: Dodged            |    26 |    47 |    32 ||   105
